 Dungeon Crawl Stone Soup version 0.31-a0-524-g2a164cf6a2 (webtiles) character file.

Game seed: 16176553999958037693

921 AdnanSaban the Cudgeller (level 8, -6/48 HPs)
             Began as a Gargoyle Fighter on Aug 12, 2023.
             Was an Initiate of Okawaru.
             Mangled by Prince Ribbit (13 damage)
             ... on level 5 of the Dungeon.
             The game lasted 00:04:38 (4461 turns).

AdnanSaban the Cudgeller (Gargoyle Fighter)         Turns: 4461, Time: 00:04:38

Health: -6/48      AC: 19    Str: 21    XL:     8   Next: 10%
Magic:  8/8        EV: 10    Int: 10    God:    Okawaru [......]
Gold:   247        SH:  5    Dex: 14    Spells: 7/7 levels left

rFire   . . .        a - +0 flail
rCold   . . .        c - +0 buckler
rNeg    + . .        u - +0 scale mail "Seagg" {Dex+5}
rPois   ∞            A - +2 helmet
rElec   +            (no cloak)
rCorr   .            p - +0 pair of gloves
SInv    .            F - +1 pair of boots
Will    ++...        (no amulet) Stlth
                     y - ring of willpower
HPRegen 0.28/turn    z - ring of willpower
MPRegen 0.11/turn

%: no passive effects
@: no status effects
A: sickness immunity, AC +5, negative energy resistance 1, electricity
resistance, torment resistance 1, petrification resistance
a: Renounce Religion


You were on level 5 of the Dungeon.
You worshipped Okawaru.
Okawaru was noncommittal.
You visited 2 branches of the dungeon, and saw 6 of its levels.

You collected 247 gold pieces.

Inventory:

Hand Weapons
 a - a +0 flail (weapon)
 B - a +0 morningstar
Missiles
 j - 10 poisoned darts (quivered)
 k - 6 silver javelins
Armour
 c - a +0 buckler (worn)
 p - a +0 pair of gloves (worn)
 u - the +0 scale mail "Seagg" (worn) {Dex+5}
   (You found it on level 3 of the Dungeon)

   Dex+5:     It affects your dexterity (+5).
 A - a +2 helmet (worn)
 F - a +1 pair of boots (worn)
Jewellery
 o - a ring of ice
 y - a ring of willpower (left hand)
 z - a ring of willpower (right hand)
Wands
 x - a wand of charming (8)
 E - a wand of acid (3)
Scrolls
 e - 5 scrolls of identify {unknown}
 f - a scroll of immolation {unknown}
 g - a scroll of noise {unknown}
 h - 3 scrolls of enchant weapon {unknown}
 i - 2 scrolls of poison {unknown}
 l - 2 scrolls of summoning {unknown}
 s - 3 scrolls of fog {unknown}
 t - 2 scrolls of fear {unknown}
 v - 2 scrolls of teleportation {unknown}
 H - a scroll of vulnerability {unknown}
Potions
 b - a potion of magic {unknown}
 d - 2 potions of might
 m - 2 potions of heal wounds {unknown}
 n - a potion of enlightenment {unknown}
 q - 4 potions of curing {unknown}
 r - 4 potions of lignification {unknown}
 w - a potion of cancellation {unknown}
 C - a potion of haste {unknown}
 D - a potion of brilliance {unknown}
 G - a potion of experience {unknown}


   Skills:
 + Level 4.9 Fighting
 + Level 5.8 Maces & Flails
 + Level 4.9 Armour
 + Level 2.7 Dodging
 + Level 0.9 Stealth
 + Level 5.0 Shields


You had 7 spell levels left.
You didn't know any spells.
Your spell library contained the following spells:

 Spells                   Type           Power      Damage    Failure   Level
 Lesser Beckoning         Tloc           0%         N/A       88%         2
 Gell's Gravitas          Tloc           0%         N/A       98%         3
 Ignite Poison            Fire/Tmut/Pois 0%         N/A       98%         3
 Teleport Other           Tloc           0%         N/A       98%         3
 Sticky Flame             Conj/Fire      0%         2d3       100%        4
 Freezing Cloud           Conj/Ice/Air   0%         6-21      100%        5
 Ignition                 Fire           0%         3d3       100%        8
 Cigotuvi's Dreadful Rot  Necr/Pois/Air  Unusable   N/A       N/A         2

Dungeon Overview and Level Annotations

Branches:
Dungeon (5/15)             Temple (1/1) D:5

Altars:
Ashenzari
Dithmenos
Hepliaklqana
Makhleb
Okawaru
Qazlal
Ru
Sif Muna
Uskayaw
Wu Jian
Xom
Zin
The Shining One

Shops:
D:1 !

Annotations:
D:4 2 runed translucent doors, Ethylacetat's ghost, amateur OpSh
D:5 Prince Ribbit


Innate Abilities, Weirdness & Mutations

You are immune to sickness and miasma.
Your stone body is resilient. (AC +5)
You are immune to poison.
You resist negative energy. (rN+)
You are resistant to electric shocks. (rElec)
You are resistant to unholy torment.
You are immune to petrification.


Message History

Prince Ribbit comes into view.
Prince Ribbit is nearby!
Prince Ribbit is nearby!
Found a scroll labelled XEADEXT PEWNUL.
You throw a poisoned dart.
The poisoned dart barely misses Prince Ribbit.
You thump Prince Ribbit!
Prince Ribbit is moderately wounded.
Prince Ribbit catches a fly with his tongue.
Prince Ribbit hits you.
You sock Prince Ribbit!
Prince Ribbit is heavily wounded.
Prince Ribbit hits you. Prince Ribbit hits you!
You closely miss Prince Ribbit.
Prince Ribbit is heavily wounded.
Prince Ribbit closely misses you.
Prince Ribbit hits you but does no damage.
You hit Prince Ribbit.
Prince Ribbit is heavily wounded.
Prince Ribbit closely misses you.
You miss Prince Ribbit.
Prince Ribbit is heavily wounded.
Prince Ribbit hits you!
Prince Ribbit hits you but does no damage.
You closely miss Prince Ribbit.
Prince Ribbit is heavily wounded.
Prince Ribbit hits you.
* * * LOW HITPOINT WARNING * * *
You hit Prince Ribbit.
Prince Ribbit is heavily wounded.
Prince Ribbit hits you!
* * * LOW HITPOINT WARNING * * *
You block Prince Ribbit's attack.
You closely miss Prince Ribbit.
Prince Ribbit is heavily wounded.
Prince Ribbit blinks!
You miss Prince Ribbit.
Prince Ribbit is heavily wounded.
Prince Ribbit hits you!
You die...

? # (.##. ..<.## #
#.... .#. ....## ...#
#. #§.# #...# .. .#
#@###..... #.### ##.#
#.F......#. #....##..#
##..##.... ##.......##
##.###...#
#....##...####..# #...#
## #............###..#
#.. #..#..#......##..#
... #..#..##..##.##..#
##.###..#..###........#


You could see Prince Ribbit.

Vanquished Creatures
  3 black bears (D:4)
  A centaur (D:5)
  A scorpion (D:4)
  3 killer bees (D:4)
  2 orc priests
  2 iguanas
  Terence (D:2)
  An orc wizard (D:4)
  12 adders
  2 white imps
  A worm (D:2)
  5 dart slugs
  9 orcs
  7 ball pythons
  5 bats
  2 endoplasms (D:1)
  3 giant cockroaches
  9 goblins
  9 hobgoblins
  A jackal (D:4)
  7 kobolds
  4 quokkas
  3 frilled lizards
  10 rats
103 creatures vanquished.

Notes
Turn   | Place    | Note
-------+----------+-------------------------------------------
     0 | D:1      | AdnanSaban the Gargoyle Fighter began the quest for the
                  | Orb.
     0 | D:1      | Reached XP level 1. HP: 14/14 MP: 1/1
   172 | D:1      | Found Wexzukut's Distillery.
   218 | D:1      | Reached XP level 2. HP: 19/19 MP: 2/2
   456 | D:1      | Reached XP level 3. HP: 23/23 MP: 3/3
  1068 | D:2      | Reached XP level 4. HP: 28/28 MP: 4/4
  1223 | D:2      | Noticed Terence
  1255 | D:2      | Reached skill level 1 in Dodging
  1263 | D:2      | Killed Terence
  1322 | D:2      | Reached XP level 5. HP: 33/33 MP: 5/5
  1749 | D:2      | Identified the +7 short sword of Uncertain Death {venom,
                  | Fragile +Blink rN++}
  1826 | D:3      | Identified the +0 scale mail "Seagg" {Dex+5}
  2259 | D:4      | Reached XP level 6. HP: 32/38 MP: 6/6
  2283 | D:4      | Noticed a black bear
  2296 | D:4      | Killed a black bear
  2686 | D:4      | Reached XP level 7. HP: 39/43 MP: 7/7
  2893 | D:4      | Found a large runed translucent door.
  2894 | D:4      | Found a large runed translucent door.
  2897 | D:4      | Noticed Ethylacetat's ghost (amateur OpSh)
  3527 | D:4      | Reached skill level 5 in Maces & Flails
  3664 | D:5      | Entered Level 5 of the Dungeon
  4072 | D:4      | Reached XP level 8. HP: 32/48 MP: 8/8
  4162 | D:5      | Found a staircase to the Ecumenical Temple.
  4205 | Temple   | Entered the Ecumenical Temple
  4214 | Temple   | Became a worshipper of Warmaster Okawaru
  4272 | D:5      | Reached skill level 5 in Shields
  4450 | D:5      | Noticed Prince Ribbit
  4461 | D:5      | Mangled by Prince Ribbit

Illustrated notes

Levels and vault maps discovered:
D:1:      tarquinn_simple_flora_water_b, layout_basic, serial_shops, shop,
          minmay_tetromino_l2
D:2:      layout_basic, minivault_25, nicolae_half_adder, uniq_terence
D:3:      kennysheep_big_flooded_room, layout_rooms
D:4:      layout_layer_cave, ebering_ghost_disaster_area, st_stairs_11,
          minmay_misc_feat_alley, kennysheep_generic_room_10
D:5:      layout_layer_cave, minmay_temple_entry_trees, uniq_prince_ribbit1
Temple:   dshaligram_water_room_temple

Skill      XL: |  1  2  3  4  5  6  7  8 |
---------------+-------------------------+-----
Shields        | 4 5 |  5.0
Maces & Flails | 3 4 5 |  5.8
Dodging        | 1 2 |  2.7
Armour         | 4 |  4.9
Fighting       | 4 |  4.9
Stealth        | |  0.9

Action                     |  1- 3 |  4- 6 |  7- 9 || total
---------------------------+-------+-------+-------++-------
  Melee: Flail             |   101 |   200 |   157 ||   458
  Throw: Dart              |       |       |     1 ||     1
 Armour: Scale mail        |    67 |   125 |   161 ||   353
         Chain mail        |       |    44 |       ||    44
  Dodge: Dodged            |    62 |   130 |   110 ||   302
  Block: Buckler           |    12 |    63 |    73 ||   148

Table legend: (Time is in decaauts)
 A = Elapsed time spent in this place.
 B = Non-inter-level travel time spent in this place.
 C = Inter-level travel time spent in this place.
 D = Time resting spent in this place.
 E = Time spent auto-exploring this place.
 F = Levels seen in this place.
 G = Mean time per level.
                   A        B        C        D        E       F      G
               +--------+--------+--------+--------+--------+-----+--------+
         Total |   4573 |   4429 |    144 |    293 |   3076 |   6 |  762.2 |
       Dungeon |   4554 |   4418 |    136 |    293 |   3076 |   5 |  910.8 |
        Temple |     18 |     10 |      8 |      0 |      0 |   1 |   18.0 |
               +--------+--------+--------+--------+--------+-----+--------+

Top non-repeatable levels by time:
     D:4: 1728 daAuts
     D:1: 1055 daAuts
     D:2: 792 daAuts
     D:3: 503 daAuts
     D:5: 475 daAuts
  Temple: 18 daAuts
